Map: Ulrena

Players

AsTeR

  • Race: Zerg Zerg
  • League: Platinum
  • Spawn Location: 11:00

ZAiN - Winner!

  • Race: Protoss Protoss
  • League: Diamond
  • Spawn Location: 7:00

VOD

Have the link to the VOD?

Description

Time

  • Played on: Nov. 12, 2015, 8:46 p.m.
  • Length: 7:23
Show
View Real Time Build Order
Export as new Build Order

AsTeR Zerg 

Build Orders: Hatch First 

Get SALT Encoding   

  12  0:00  Drone  
  13  0:08  Drone  
  14  0:14  Extractor  
  14  0:15  Drone  
  15  0:25  Overlord  
  15  0:43  Drone x2  
  17  0:55  Drone  
  18  0:57  Hatchery  
  18  0:59  Drone  
  18  1:13  Extractor  
  18  1:14  Spawning Pool  
  16  1:18  Drone  
  16  1:22  Drone  
  18  1:30  Drone  
  19  1:46  Drone  
  20  1:57  Overlord  
  20  2:05  Hatchery  
  20  2:07  Drone  
  20  2:10  Queen  
  22  2:18  Drone  
  22  2:21  Drone  
  24  2:24  Metabolic Boost  
  24  2:30  Drone  
  24  2:32  Drone  
  24  2:35  Drone  
  27  2:38  Drone  
  27  2:42  Drone  
  27  2:43  Drone  
  30  2:51  Queen  
  32  2:58  Zergling x2  
  32  3:01  Zergling x2  
  34  3:07  Zergling x2  
  34  3:08  Zergling x2  
  35  3:22  Zergling x6  
  35  3:23  Zergling x2  
  36  3:34  Drone x2  
  36  3:35  Drone x2  
  36  3:36  Drone  
  36  3:39  Drone  
  42  3:43  Overlord  
  42  3:54  Overlord x2  
  41  4:01  Queen  
  43  4:05  Drone  
  43  4:06  Drone  
  43  4:08  Drone  
  46  4:11  Drone x2  
  46  4:14  Drone  
  46  4:15  Drone  
  50  4:17  Drone  
  50  4:19  Drone  
  50  4:21  Drone  
  53  4:25  Drone x2  
  53  4:27  Drone  
  56  4:34  Roach Warren, Extractor, Drone  
  56  4:35  Drone  
  56  4:36  Drone  
  56  4:37  Queen  
  59  4:39  Drone x2  
  61  4:45  Drone  
  61  4:46  Drone  
  61  4:49  Evolution Chamber  
  61  4:50  Evolution Chamber  
  61  4:51  Drone  
  61  4:52  Drone x2  
  64  4:57  Drone  
  64  4:58  Overlord  
  64  4:59  Overlord  
  65  5:06  Overlord  
  65  5:12  Drone  
  66  5:15  Zerg Missile Weapons Level 1  
  66  5:16  Zerg Ground Armor Level 1  
  66  5:23  Overlord  
  66  5:25  Drone x5  
  66  5:27  Lair  
  71  5:29  Drone x2  
  71  5:30  Drone x2  
  71  5:34  Extractor  
  74  5:37  Spine Crawler  
  74  5:38  Drone x2  
  74  5:39  Spine Crawler, Spore Crawler  
  74  5:40  Roach  
  74  5:44  Roach x2  
  79  5:50  Roach x2  
  80  6:02  Roach x3  
  84  6:18  Roach x3  
  86  6:25  Roach  
  84  6:27  Overlord x2  
  80  6:45  Roach x2  
  64  6:55  Roach  
  64  7:01  Roach  
Show
View Real Time Build Order
Export as new Build Order

ZAiN Protoss - Winner!

Build Orders: 1 Gate Expand 

Get SALT Encoding   

  12  0:00  Probe (Chrono Boost)  
  13  0:11  Probe (Chrono Boost)  
  14  0:20  Pylon  
  14  0:22  Probe (Chrono Boost)  
  15  0:38  Probe (Chrono Boost)  
  16  0:43  Gateway  
  16  0:49  Probe (Chrono Boost)  
  17  0:59  Probe (Chrono Boost)  
  18  1:10  Probe (Chrono Boost)  
  19  1:18  Nexus  
  19  1:23  Probe (Chrono Boost)  
  20  1:32  Pylon  
  20  1:34  Probe (Chrono Boost)  
  20  1:36  Assimilator  
  21  1:40  Assimilator  
  21  1:45  Probe (Chrono Boost)  
  22  1:53  Cybernetics Core  
  22  1:55  Probe (Chrono Boost)  
  22  2:00  Zealot  
  25  2:06  Probe (Chrono Boost)  
  26  2:16  Probe (Chrono Boost)  
  26  2:19  Pylon  
  27  2:27  Probe (Chrono Boost)  
  28  2:32  Adept, Mothership Core (Chrono Boost)  
  32  2:37  Probe (Chrono Boost)  
  33  2:48  Probe (Chrono Boost)  
  33  2:51  Probe (Chrono Boost)  
  35  2:52  Warp Gate  
  36  2:58  Probe (Chrono Boost)  
  36  2:59  Adept  
  38  3:09  Probe (Chrono Boost)  
  38  3:10  Probe (Chrono Boost)  
  40  3:15  Robotics Facility  
  40  3:20  Probe (Chrono Boost)  
  40  3:21  Probe (Chrono Boost)  
  42  3:31  Probe (Chrono Boost)  
  39  3:35  Probe (Chrono Boost)  
  39  3:37  Twilight Council  
  40  3:41  Pylon  
  40  3:43  Adept  
  40  3:45  Probe (Chrono Boost)  
  40  3:46  Probe (Chrono Boost)  
  44  3:50  Pylon  
  44  3:55  Probe (Chrono Boost)  
  45  3:56  Probe (Chrono Boost)  
  45  3:57  Assimilator  
  45  4:02  Assimilator  
  46  4:03  Pylon, Observer  
  46  4:05  Probe (Chrono Boost)  
  46  4:07  Probe (Chrono Boost), Resonating Glaives (Chrono Boost)  
  46  4:09  Gateway  
  49  4:10  Gateway  
  49  4:16  Adept  
  51  4:24  Probe  
  51  4:26  Probe  
  53  4:31  Gateway  
  53  4:34  Gateway  
  53  4:35  Probe  
  54  4:40  Gateway x2  
  54  4:46  Gateway  
  54  4:50  Gateway  
  54  4:57  Warp Prism (Chrono Boost)  
  56  5:13  Gateway  
  56  5:16  Adept  
  56  5:20  Pylon x2  
  58  5:23  Pylon  
  58  5:52  Adept x2  
  58  5:55  Adept  
  58  5:56  Adept x3  
  70  5:57  Adept x2  
  74  6:07  Adept  
  78  6:18  Adept x2, Warp Prism (Chrono Boost)  
  78  6:19  Adept x4  
  78  6:24  Pylon  
  88  6:35  Adept  
  88  6:36  Adept x3  
  94  6:45  Adept x3  
  94  6:46  Adept x3  
  100  7:07  Adept x2  
  100  7:08  Adept x4  
  106  7:09  Adept  
  108  7:19  Adept x2  
Tags
 
Add a new tag
Caveats
  • Supply blocks, unpowered buildings, or Contaminate may cause inaccurate times.
  • Supply counts are checked every 10 seconds.